AoeStats
← Cooler Kekstyp

Lombardia

509312356Analyzed
2v2 RM · 7d ago on Sep 26, 2026· 36m 10s· 4 players
Game mode
Random Map
Map size
Medium (4 player)
Population
200
Speed
Normal
Resources
Standard
Victory
Conquest
Starting age
Dark Age
Ending age
Imperial Age
RankedLock teamsTeams togetherTeam positionsShared explorationLock speedFull tech treeHidden civsTurbo modeCheats
Victory
Defeat
🇦🇺 Berbers · Australia
1221
+17
🇳🇿 Danes · New Zealand
1143
+19
🇩🇪 Danes · Germany
1233
-18
🇩🇪 Varangians · Germany
1230
-18
Retribution
7:33 Loom
10:43 Feudal Age
11:54 Loom
14:51 Castle Age
12:54 Man-at-Arms
13:31 Horse Collar
14:23 Double-Bit Axe
20:18 Wheelbarrow
20:52 Bow Saw
21:05 Long Swordsman
22:06 Heavy Plow
23:05 Scale Mail Armor
24:38 Hand Cart
25:00 Gold Mining
25:08 Gambesons
26:53 Chain Mail Armor
27:15 Squires
27:03 Arson
27:49 Forging
29:06 Iron Casting
34:30 Imperial Age
33:43 Fletching
34:44 Two-Handed Swordsman
35:04 Capped Ram
36:24 Plate Mail Armor
36:35 Bodkin Arrow
UnflatFlounder
10:49 Feudal Age
14:36 Castle Age
13:07 Double-Bit Axe
14:09 Bloodlines
14:17 Horse Collar
14:43 Loom
15:15 Gold Mining
18:48 Forging
21:52 Husbandry
24:05 Wheelbarrow
26:42 Scale Barding Armor
27:40 Iron Casting
27:59 Chain Barding Armor
33:39 Heavy Plow
33:52 Bow Saw
37:03 Imperial Age
Dr. Volodnikov
11:07 Feudal Age
12:21 Loom
15:00 Castle Age
13:16 Double-Bit Axe
13:19 Horse Collar
17:24 Bow Saw
19:30 Heavy Plow
20:13 Scale Mail Armor
20:23 Forging
23:09 Squires
22:55 Gambesons
24:35 Wheelbarrow
25:21 Town Watch
26:07 Chain Mail Armor
34:03 Imperial Age
33:02 Hand Cart
34:29 Elite Varangian Guard
34:55 Arson
35:46 Plate Mail Armor
35:52 Iron Casting
Cooler Kekstyp
5:54 Loom
11:36 Feudal Age
17:20 Castle Age
15:13 Man-at-Arms
15:55 Scale Mail Armor
16:35 Double-Bit Axe
16:33 Horse Collar
17:34 Long Swordsman
22:22 Chain Mail Armor
25:03 Wheelbarrow
26:38 Heavy Plow
32:40 Fletching
33:37 Bodkin Arrow
Connection lost

Rejoining the realm…

Still unreachable

The connection could not be restored.

Session expired

The server has moved on; the page needs a fresh start.